 Dungeon Crawl Stone Soup version 0.18.1-47-g9310371 (webtiles) character file.

187 sleepydude the Magician (level 5, 0/28 HPs)
             Began as a Deep Elf Air Elementalist on June 14, 2016.
             Slain by a gnoll
             ... wielding a +0 spear
              (1 damage)
             ... on level 3 of the Dungeon.
             The game lasted 00:44:21 (2790 turns).

sleepydude the Magician (Deep Elf Air Elementalist) Turns: 2790, Time: 00:44:22

Health: 0/28       AC:  5    Str:  6    XL:     5   Next: 39%
Magic:  6/15       EV: 13    Int: 20    God:
Gold:   253        SH:  0    Dex: 15    Spells: 1 memorised, 14 levels left

rFire  . . .     SeeInvis .     e - +0 dagger
rCold  . . .     Gourm    .     j - +0 robe
rNeg   . . .     Faith    .     (no shield)
rPois  +         Spirit   .     p - +0 helmet
rElec  .         Dismiss  .     o - +1 cloak
rCorr  .         Reflect  .     (no gloves)
SustAt .         Harm     .     (no boots)
MR     .....                    (no amulet)
Stlth  ++........               (no ring)
                                m - ring of poison resistance

@: not resistant to hostile enchantments, unstealthy
A: no striking features
a: no special abilities


You were on level 3 of the Dungeon.
You were not hungry.

You visited 1 branch of the dungeon, and saw 3 of its levels.

You collected 253 gold pieces.

Inventory:

Hand Weapons
 e - a +0 dagger (weapon)
Armour
 f - a +1 cloak of magic resistance
 j - a +0 robe (worn)
 o - a +1 cloak (worn)
 p - a +0 helmet (worn)
Jewellery
 m - a ring of poison resistance (left hand)
Scrolls
 g - a scroll of remove curse
 h - 3 scrolls of identify
 i - a scroll of fog {unknown}
 r - a scroll of enchant armour {unknown}
Potions
 a - a potion of haste
 k - 2 potions of agility
 l - a potion of curing
Books
 b - a book of Air

   Spells                             Type                      Level
   a - Shock                          Conjuration/Air              1
   b - Swiftness                      Charms/Air                   2
   c - Repel Missiles                 Charms/Air                   2
   d - Static Discharge               Conjuration/Air              3
   e - Lightning Bolt                 Conjuration/Air              5
 d - a book of Conjurations

   Spells                             Type                      Level
   a - Magic Dart                     Conjuration                  1
   b - Searing Ray                    Conjuration                  2
   c - Dazzling Spray                 Conjuration/Hexes            3
   d - Fulminant Prism                Conjuration/Hexes            4
   e - Iskenderun's Mystic Blast      Conjuration                  4
   f - Iskenderun's Battlesphere      Conjuration/Charms           5
Comestibles
 c - 2 bread rations
 n - 2 chunks of flesh


   Skills:
 - Level 2.4 Dodging
 - Level 2.4 Stealth
 + Level 5.6 Spellcasting
 - Level 1.1 Conjurations
 + Level 4.9 Air Magic


You had 14 spell levels left.
You knew the following spells:

 Your Spells              Type           Power        Failure   Level  Hunger
a - Shock                 Conj/Air       ###.         3%          1    None


Dungeon Overview and Level Annotations

Branches:
Dungeon (3/15)

Altars:
Kikubaaqudgha
Makhleb
Trog
Vehumet


Message History

Confirm with . or Enter, or press ? or * to list all spells.
You don't know that spell.
Casting: Shock
Confirm with . or Enter, or press ? or * to list all spells.
Aiming: Shock
Press: ? - help, Shift-Dir - straight line, p - gnoll The zap hits the gnoll.
The gnoll is heavily wounded.
The gnoll hits you from afar with a spear.
* * * LOW HITPOINT WARNING * * *
Unknown command.
Casting: Shock
Confirm with . or Enter, or press ? or * to list all spells.
Aiming: Shock
Press: ? - help, Shift-Dir - straight line, f - gnoll
Aim: a gnoll, wielding a spear (heavily wounded)
The zap hits the gnoll.
The gnoll is severely wounded.
The gnoll hits you from afar with a spear.
You die...

.......+...'.........#
#....#
..####.#####)........#
#....# ≈≈#
#.....'†........#
#....#
######..####.........#
#....# #.......#
#.........# #....#
#.......# #.....[...#
#....# #####'#.#
#.........# ######
#.#.# #.......(.#
#.#.# #..g.@....#
#...# ###########
#####


You could see a gnoll.

Vanquished Creatures
  An orc priest (D:3)
  2 gnolls (D:3)
  7 adders
  An ooze (D:2)
  A worm (D:3)
  A dart slug (D:1)
  A giant gecko (D:3)
  3 orcs (D:3)
  4 giant cockroaches (D:1)
  6 hobgoblins
  2 quokkas (D:3)
  A ball python (D:1)
  9 bats
  4 giant newts
  8 goblins
  7 kobolds
  8 rats
  A rat zombie (D:3)
67 creatures vanquished.

Notes
Turn   | Place    | Note
--------------------------------------------------------------
     0 | D:1      | sleepydude the Deep Elf Air Elementalist began the quest for the Orb.
     0 | D:1      | Reached XP level 1. HP: 10/10 MP: 6/6
   553 | D:1      | Reached XP level 2. HP: 15/15 MP: 8/8
  1202 | D:2      | Reached skill level 4 in Spellcasting
  1202 | D:2      | Reached XP level 3. HP: 16/19 MP: 8/10
  1603 | D:2      | Reached XP level 4. HP: 23/24 MP: 4/12
  2057 | D:3      | Found a radiant altar of Vehumet.
  2058 | D:3      | Found a bloodstained altar of Trog.
  2058 | D:3      | Found a burning altar of Makhleb.
  2092 | D:3      | Reached skill level 5 in Spellcasting
  2254 | D:3      | Reached XP level 5. HP: 28/28 MP: 6/14
  2518 | D:3      | Found an ancient bone altar of Kikubaaqudgha.
  2649 | D:3      | Found a bloodstained altar of Trog.
  2788 | D:3      | HP: 1/28 [gnoll/spear (2)]
  2790 | D:3      | Slain by a gnoll

Skill      XL: |  1  2  3  4 |
---------------+-------------+-----
Spellcasting   | 4 5 |  5.6
Air Magic      | 4 |  4.9
Dodging        | |  2.4
Stealth        | |  2.4
Conjurations   | |  1.1

Action                   |  1- 3 |  4- 6 || total
-------------------------+-------+-------++-------
Melee: Dagger            |    22 |     9 ||    31
 Cast: Shock             |    37 |    79 ||   116
  Use: Potion            |       |     6 ||     6
       Scroll            |       |     3 ||     3
 Stab: Sleeping          |     8 |     2 ||    10
  Eat: Chunk             |     1 |     3 ||     4
       Fruit             |     1 |     2 ||     3
Armor: Robe              |    11 |    11 ||    22
Dodge: Dodged            |    27 |    31 ||    58
